 Dungeon Crawl Stone Soup version 0.27-a0-1181-g5f64966fcc (webtiles) character file.

Game seed: 8367278062977275322

59 leviel the Covered (level 3, -4/33 HPs)
             Began as a Minotaur Fighter on May 17, 2021.
             Slain by a scorpion (7 damage)
             ... on level 2 of the Dungeon.
             The game lasted 00:00:47 (729 turns).

leviel the Covered (Minotaur Fighter)                Turns: 729, Time: 00:00:47

Health: -4/33      AC:  7    Str: 21    XL:     3   Next: 78%
Magic:  2/2        EV:  7    Int:  5    God:
Gold:   70         SH:  9    Dex:  9    Spells: 2/2 levels left

rFire    . . .     SeeInvis .   a - +0 war axe
rCold    . . .     Faith    .   c - +0 kite shield
rNeg     . . .     Spirit   .   b - +0 scale mail
rPois    .         Reflect  .   (helmet restricted)
rElec    .         Harm     .   (no cloak)
rCorr    .         Rampage  .   (no gloves)
Will     .....                  (no boots)
Stlth    ..........             (no amulet)
HPRegen  0.11/turn              (no ring)
MPRegen  0.08/turn              (no ring)

@: mighty, lethally poisoned (-4 -> -9)
A: horns 2, retaliatory headbutt
a: no special abilities


You were on level 2 of the Dungeon.
You visited 1 branch of the dungeon, and saw 2 of its levels.

You collected 70 gold pieces.

Inventory:

Hand Weapons
 a - a +0 war axe (weapon)
Armour
 b - a +0 scale mail (worn)
 c - a +0 kite shield (worn)
Scrolls
 f - a scroll of teleportation {unknown}
 g - a scroll of enchant armour {unknown}
 i - a scroll of identify {unknown}
Potions
 e - a potion of invisibility {unknown}
 h - a potion of resistance {unknown}


   Skills:
 + Level 4.1 Fighting
 + Level 3.0 Axes
 + Level 4.4 Armour
 + Level 0.4 Dodging
 + Level 4.2 Shields


You had 2 spell levels left.
You didn't know any spells.
Your spell library was empty.

Dungeon Overview and Level Annotations

Branches:
Dungeon (2/15)

Altars:


Innate Abilities, Weirdness & Mutations

You have a pair of horns on your head.
You reflexively headbutt those who attack you in melee.


Message History

You kill the giant cockroach!
You hit the scorpion. Your headbutt misses the scorpion.
The scorpion is moderately wounded.
The scorpion stings you. x2
You are too injured to fight recklessly!
You are too injured to fight recklessly!
You are too injured to fight recklessly!
You are too injured to fight recklessly!
You are too injured to fight recklessly!
You are too injured to fight recklessly!
You are too injured to fight recklessly!
You are too injured to fight recklessly!
You are too injured to fight recklessly!
You are too injured to fight recklessly!
You are too injured to fight recklessly!
You are too injured to fight recklessly!
You are too injured to fight recklessly!
You are too injured to fight recklessly!
You are too injured to fight recklessly!
You are too injured to fight recklessly!
You are too injured to fight recklessly!
You are too injured to fight recklessly!
You are too injured to fight recklessly!
Unknown command.
You are too injured to fight recklessly!
You see here 18 sling bullets.
You feel very mighty all of a sudden. The scorpion stings you.
You slash the scorpion! Your headbutt misses the scorpion.
The scorpion is severely wounded.
You block the scorpion's attack. The scorpion stings you.
* * * LOW HITPOINT WARNING * * *
You are lethally poisoned!
The scorpion poisons you!
You hit the scorpion.
The scorpion is almost dead.
* * * LOW HITPOINT WARNING * * *
You feel very sick. The scorpion stings you!
You die...

#.#.# #...
#.#.# #.##
#.#.# #.#
#.#.# #.#
#######.#.#
#.# ####
........#.#
#.# ....
...####.#.#
#.# ....
#.#..# #..
.### #
#.###@##
#.# .# .#
#.# ##s###
.# .# ..#
#$w..#
.####.# #..
#†#......<
......###..
..w ..#####
.###†......
..#.. ..#
.#..†..#
... #.. .##
...###.##
$# #.# ##
...# .. ..


You could see a worm and a scorpion.

Vanquished Creatures
  Terence (D:2)
  An adder (D:2)
  5 endoplasms
  2 giant cockroaches (D:2)
  2 hobgoblins
  4 jackals (D:2)
  A quokka (D:2)
  2 bats
  2 frilled lizards (D:2)
  3 rats (D:2)
23 creatures vanquished.

Notes
Turn   | Place    | Note
-------+----------+-------------------------------------------
     0 | D:1      | leviel the Minotaur Fighter began the quest for the Orb.
     0 | D:1      | Reached XP level 1. HP: 19/19 MP: 0/0
   144 | D:1      | You fall into a shaft and drop 1 floor!
   244 | D:2      | Reached XP level 2. HP: 17/27 MP: 1/1
   500 | D:2      | Noticed Terence
   508 | D:2      | Killed Terence
   509 | D:2      | Reached XP level 3. HP: 20/33 MP: 2/2
   720 | D:2      | Noticed a scorpion
   729 | D:2      | Slain by a scorpion

Illustrated notes

Levels and vault maps discovered:
D:1:      lightli_iron_boxes, layout_rooms, ebering_ecumenical_altar_abandoned
D:2:      layout_loops_ring, minmay_misc_feat_columns, uniq_terence

Skill      XL: |  1  2  3 |
---------------+----------+-----
Armour         | 4 |  4.4
Fighting       | 4 |  4.1
Shields        | 4 |  4.2
Axes           | 3 |  3.0
Dodging        | |  0.4

Action                   || total
-------------------------++-------
Melee: War axe           ||    55
       Headbutt          ||     9
  Use: Potion            ||     1
Armor: Scale mail        ||    25
Dodge: Dodged            ||    20
Block: Kite shield       ||    32

Table legend: (Time is in decaauts)
 A = Elapsed time spent in this place.
 B = Non-inter-level travel time spent in this place.
 C = Inter-level travel time spent in this place.
 D = Time resting spent in this place.
 E = Time spent auto-exploring this place.
 F = Levels seen in this place.
 G = Mean time per level.
                   A        B        C        D        E       F      G
               +--------+--------+--------+--------+--------+-----+--------+
         Total |    760 |    760 |      0 |      0 |    621 |   2 |  380.0 |
       Dungeon |    760 |    760 |      0 |      0 |    621 |   2 |  380.0 |
               +--------+--------+--------+--------+--------+-----+--------+

Top non-repeatable levels by time:
     D:2: 613 daAuts
     D:1: 146 daAuts
